 Dungeon Crawl Stone Soup version 0.29.0-15-g675c0067aa (webtiles) character file.

Game seed: 10046569641557020806

425 qw the Chopper (level 6, 0/38 HPs)
             Began as a Gargoyle Fighter on Sept 12, 2022.
             Slain by an ufetubus (2 damage)
             ... on level 4 of the Dungeon.
             The game lasted 00:01:16 (3636 turns).

qw the Chopper (Gargoyle Fighter)                   Turns: 3636, Time: 00:01:17

Health: 0/38       AC: 14    Str: 22    XL:     6   Next: 96%
Magic:  6/6        EV:  7    Int:  8    God:
Gold:   128        SH:  4    Dex:  9    Spells: 5/5 levels left

rFire   . . .      SeeInvis .   q - +1 war axe (vamp)
rCold   . . .      Faith    .   c - +0 buckler
rNeg    + . .      Spirit   .   j - +0 chain mail
rPois   inf        Reflect  .   e - +0 helmet
rElec   +          Harm     .   (no cloak)
rCorr   .          Rampage  .   (no gloves)
Will    .....                   (no boots)
Stlth   ..........              (no amulet)
HPRegen 0.12/turn               (no ring)
MPRegen 0.10/turn               (no ring)

@: about to teleport
A: sickness immunity, AC +4, negative energy resistance 1, electricity
resistance, torment resistance 1, petrification resistance
a: no special abilities


You were on level 4 of the Dungeon.
You visited 1 branch of the dungeon, and saw 4 of its levels.

You collected 161 gold pieces.
You spent 33 gold pieces at shops.


Innate Abilities, Weirdness & Mutations

You are immune to sickness and miasma.
Your stone body is resilient. (AC +4)
You are immune to poison.
You resist negative energy. (rN+)
You are resistant to electric shocks. (rElec)
You are resistant to unholy torment.
You are immune to petrification.


   Skills:
 - Level 4.1 Fighting
 - Level 6.2 Axes
 - Level 3.2 Armour
 + Level 0.0 Dodging
 - Level 3.2 Shields


You had 5 spell levels left.
You didn't know any spells.
Your spell library was empty.

Inventory:

Hand Weapons
 f - a +3 whip of venom
 q - a +1 vampiric war axe (weapon)
Armour
 c - a +0 buckler (worn)
 e - a +0 helmet (worn)
 j - a +0 chain mail (worn)
Wands
 g - a wand of digging (3)
Scrolls
 a - a scroll of identify
 k - a scroll of teleportation
Potions
 b - a potion of brilliance {unknown}
 d - a potion of might
 h - a potion of degeneration {unknown}
 i - a potion of attraction {unknown}
 l - a potion of haste {unknown}
 m - a potion of curing {unknown}
 n - a potion of lignification {unknown}
 o - a potion of magic {unknown}
 p - a potion of heal wounds {unknown}
 r - a potion of mutation {unknown}

Dungeon Overview and Level Annotations

Branches:
Dungeon (4/15)
 Temple: D:4-7

Altars:

Shops:
D:2 *[

Annotations:
D:3 2 transporters, 2 runed translucent doors, Crazy Yiuf; qw's ghost, amateur MiBe
D:4 Dowan


Message History

Dowan seems to find hidden reserves of power!
The ufetubus closely misses you. The ufetubus barely misses you.
Dowan gestures wildly while chanting.
Dowan blinks!
The ufetubus barely misses you.
The ufetubus hits you but does no damage.
The endoplasm freezes you.
You are frozen.
Dowan hits you but does no damage.
You slash Dowan!
Dowan is moderately wounded.
You hit the endoplasm but do no damage. You miss the ufetubus.
The ufetubus hits you but does no damage.
The ufetubus barely misses you. Dowan hits you but does no damage.
The endoplasm hits you but does no damage.
The ufetubus barely misses you.
The ufetubus hits you but does no damage.
You closely miss Dowan.
Dowan is moderately wounded.
You barely miss the endoplasm. You closely miss the ufetubus.
You hear the slow rusting of a distant drain.
Dowan points at you and mumbles some strange words.
The shard of ice hits you!!
Ouch! That really hurt!
The ufetubus barely misses you.
The ufetubus hits you but does no damage.
The endoplasm hits you but does no damage.
Dowan gestures wildly while chanting.
Dowan blinks!
The ufetubus barely misses you.
The ufetubus hits you but does no damage.
3635 ||| READING 2 scrolls of teleportation.
As you read the scroll of teleportation, it crumbles to dust.
You feel strangely unstable. The endoplasm freezes you.
You are frozen.
The ufetubus hits you but does no damage.
The ufetubus barely misses you.
You closely miss the ufetubus. You barely miss the endoplasm.
The ufetubus hits you but does no damage. x2
The endoplasm hits you but does no damage.
The ufetubus hits you.
You die...

.......#.....# ...#
.....#.#.....# ...#
....>..#.....# .?..#
#......+.....# .....
.......#.....+ ......
#.....%<.....####......
#............##o%......
....#....#...##5#......
#............#ยค@#
#o...
#.###........#J#### .o.
................# <
...#......[.#e##.#
.#.######...#... .' .
.....#..#.##..
#####.#..# # . ......
.....#.


You could see Dowan (fast), an orc, an ufetubus and an endoplasm.

Vanquished Creatures
  Duvessa (D:4)
  2 hounds
  Natasha (thrice) (D:3)
  An orc wizard (D:4)
  Robin (D:2)
  7 adders
  A dart slug (D:2)
  3 orcs
  5 endoplasms
  3 giant cockroaches
  16 goblins
  9 hobgoblins
  15 kobolds
  A quokka (D:4)
  8 ball pythons
  8 bats
  3 frilled lizards (D:1)
  2 rats (D:1)
89 creatures vanquished.

Vanquished Creatures (others)
  4 plants (D:2)
4 creatures vanquished.

Grand Total: 93 creatures vanquished

Notes
Turn   | Place    | Note
-------+----------+-------------------------------------------
     0 | D:1      | qw the Gargoyle Fighter began the quest for the Orb.
     0 | D:1      | Reached XP level 1. HP: 14/14 MP: 1/1
     0 | D:1      | 0 ||| qw: Version: 0.1-a-119-g272c26d
     0 | D:1      | 0 ||| qw: Game counter: 10868
     0 | D:1      | 0 ||| qw: Always use a shield: true
     0 | D:1      | 0 ||| qw: God list: Okawaru
     0 | D:1      | 0 ||| qw: Allow faded altars: false
     0 | D:1      | 0 ||| qw: Do Orc after D:15 true
     0 | D:1      | 0 ||| qw: Do second Lair branch before Depths: true
     0 | D:1      | 0 ||| qw: Lair rune preference: random
     0 | D:1      | 0 ||| qw: Plans: Normal, Zot, God:TSO, Crypt, Tomb, Pan,
                  | Slime, Hells, Zig, Abyss, Orb
     0 | D:1      | 0 ||| PLANNING D:1-11
    83 | D:1      | Reached skill level 2 in Axes
    83 | D:1      | 83 ||| Stepping ~*~*~tactically~*~*~ (stealth).
   107 | D:1      | Reached XP level 2. HP: 17/19 MP: 2/2
   514 | D:1      | Reached skill level 3 in Axes
   540 | D:1      | 540 ||| Stepping ~*~*~tactically~*~*~ (stealth).
   546 | D:1      | Reached XP level 3. HP: 20/23 MP: 3/3
   551 | D:1      | 551 ||| Stepping ~*~*~tactically~*~*~ (stealth).
   552 | D:1      | 552 ||| Stepping ~*~*~tactically~*~*~ (stealth).
   557 | D:1      | 557 ||| Stepping ~*~*~tactically~*~*~ (stealth).
   561 | D:1      | 561 ||| Stepping ~*~*~tactically~*~*~ (stealth).
   565 | D:1      | 565 ||| Stepping ~*~*~tactically~*~*~ (stealth).
   805 | D:1      | 805 ||| DROPPING +0 club.
  1224 | D:1      | 1224 ||| READING 2 scrolls labelled TAQOAD EXY.
  1225 | D:1      | 1225 ||| READING scroll labelled OSIWIO VAIRCH.
  1226 | D:1      | 1226 ||| READING scroll labelled DABIL WUARGH.
  1227 | D:1      | 1227 ||| READING 2 scrolls labelled ZOWAPS TOIVUG.
  1228 | D:1      | 1228 ||| READING scroll labelled IPRUSO FOAQEDU.
  1229 | D:1      | 1229 ||| READING scroll labelled HIMERHIPUH.
  1230 | D:1      | 1230 ||| READING scroll labelled KIFEXZU CIREDA.
  1285 | D:1      | 1285 ||| DRINKING 2 orange potions.
  1386 | D:1      | 1386 ||| DROPPING potion of ambrosia.
  1387 | D:1      | 1387 ||| DROPPING scroll of poison.
  1414 | D:2      | Noticed Robin
  1415 | D:2      | 1415 ||| Stepping ~*~*~tactically~*~*~ (hiding).
  1418 | D:2      | 1418 ||| Stepping ~*~*~tactically~*~*~ (hiding).
  1428 | D:2      | Killed Robin
  1432 | D:2      | 1432 ||| FLEEEEING.
  1434 | D:2      | 1434 ||| STAIRDANCE
  1582 | D:2      | 1582 ||| STAIRDANCE
  1589 | D:2      | 1589 ||| STAIRDANCE
  1596 | D:1      | Reached XP level 4. HP: 26/28 MP: 4/4
  1621 | D:2      | 1621 ||| STAIRDANCE
  1682 | D:2      | 1682 ||| DROPPING +0 whip.
  1698 | D:2      | Reached skill level 4 in Axes
  2077 | D:2      | Found Wojus's General Store.
  2086 | D:2      | Reached XP level 5. HP: 28/32 MP: 5/5
  2121 | D:2      | 2121 ||| SHOPLISTING +1 flail of protection (123 gold, have
                  | 86).
  2121 | D:2      | 2121 ||| BUYING scroll of teleportation (33 gold).
  2121 | D:2      | Bought a scroll of teleportation for 33 gold pieces
  2164 | D:2      | Found Qocud's Antique Armour Boutique.
  2171 | D:2      | 2171 ||| Stepping ~*~*~tactically~*~*~ (stealth).
  2172 | D:2      | 2172 ||| Stepping ~*~*~tactically~*~*~ (stealth).
  2184 | D:2      | 2184 ||| SHOPLISTING plate armour (368 gold, have 67).
  2184 | D:2      | 2184 ||| SHOPLISTING polished scale mail (144 gold, have
                  | 67).
  2184 | D:2      | 2184 ||| SHOPLISTING runed buckler (120 gold, have 67).
  2184 | D:2      | 2184 ||| SHOPLISTING shiny scale mail (112 gold, have 67).
  2516 | D:2      | 2516 ||| UPGRADING to +0 helmet.
  2521 | D:2      | 2521 ||| UPGRADING to +0 chain mail.
  2531 | D:2      | 2531 ||| DROPPING +0 scale mail.
  2620 | D:3      | Noticed Natasha
  2627 | D:3      | Killed Natasha
  2628 | D:3      | Reached skill level 5 in Axes
  2765 | D:3      | Found a transporter.
  2767 | D:3      | Found a runed translucent door.
  2883 | D:3      | Found a runed translucent door.
  2884 | D:3      | Noticed Crazy Yiuf
  2898 | D:3      | Noticed Natasha
  2899 | D:3      | 2899 ||| Stepping ~*~*~tactically~*~*~ (hiding).
  2900 | D:3      | 2900 ||| Stepping ~*~*~tactically~*~*~ (hiding).
  2909 | D:3      | Killed Natasha
  2910 | D:3      | Reached XP level 6. HP: 35/38 MP: 6/6
  2981 | D:3      | Found a transporter.
  3029 | D:3      | 3029 ||| Stepping ~*~*~tactically~*~*~ (stealth).
  3278 | D:3      | Noticed Natasha
  3279 | D:3      | 3279 ||| READING scroll labelled KEJIOS OMOUSU.
  3280 | D:3      | 3280 ||| Stepping ~*~*~tactically~*~*~ (hiding).
  3286 | D:3      | Killed Natasha
  3453 | D:3      | Noticed qw's ghost (amateur MiBe)
  3525 | D:3      | 3525 ||| READING scroll labelled OSTOAD ELLAPP.
  3591 | D:4      | 3591 ||| PLANNING SEWER
  3614 | D:4      | Noticed Duvessa
  3617 | D:4      | 3617 ||| FLEEEEING.
  3618 | D:4      | 3618 ||| FLEEEEING.
  3628 | D:4      | Noticed Dowan
  3631 | D:4      | Killed Duvessa
  3632 | D:4      | Reached skill level 6 in Axes
  3634 | D:4      | HP: 5/38 [Dowan/shard of ice (22)]
  3635 | D:4      | 3635 ||| READING 2 scrolls of teleportation.
  3635 | D:4      | HP: 2/38 [frozen (3)]
  3636 | D:4      | Slain by an ufetubus

Levels and vault maps discovered:
D:1:      psy_arrival_radial02, layout_basic
D:2:      layout_loops_ring, serial_shops, shop, shop, serial_bayou_pond_b,
          grunt_decor_junction, minmay_misc_feat_chi, minmay_hedge_maze,
          kennysheep_generic_room_11, uniq_robin
D:3:      gammafunk_wand_slinger, layout_loops_ring,
          ebering_ghost_reflecting_pool, uniq_natasha, uniq_crazy_yiuf_cottage
D:4:      layout_basic, portal_sewer_entry_c, uniq_duvessa

Skill      XL: |  1  2  3  4  5  6 |
---------------+-------------------+-----
Axes           | 2 3 4 5 6 |  6.2
Fighting       | 4 |  4.1
Armour         | |  3.2
Shields        | |  3.2

Action                   |  1- 3 |  4- 6 || total
-------------------------+-------+-------++-------
Melee: War axe           |   112 |   136 ||   248
  Use: Scroll            |     7 |     3 ||    10
       Potion            |     1 |       ||     1
Armor: Scale mail        |    56 |    36 ||    92
       Chain mail        |       |    50 ||    50
Dodge: Dodged            |    53 |    54 ||   107
Block: Buckler           |    22 |    25 ||    47

Table legend:
 A = Non-vault XP
 B = Vault XP
 C = Vault XP percentage of total XP
 D = Non-vault monster count
 E = Vault monster count
 F = Vault count percentage of total count
                 A         B        C        D         E       F
            +---------+---------+-------+---------+---------+-------
      Total |     379 |     229 |  37.7 |      71 |      18 |  20.2
            +---------+---------+-------+---------+---------+-------
        D:1 |      47 |      21 |  30.9 |      30 |       5 |  14.3
        D:2 |     102 |      35 |  25.5 |      21 |      11 |  34.4
        D:3 |     148 |      35 |  19.1 |      16 |       1 |   5.9
        D:4 |      82 |     138 |  62.7 |       4 |       1 |  20.0
            +---------+---------+-------+---------+---------+-------
